 Dungeon Crawl Stone Soup version 0.18-a0-1523-gbe15c29 (webtiles) character file.

1799 FrancescoMac the Fighter (level 9, 0/81 HPs)
             Began as a Naga Fighter on Mar 7, 2016.
             Slain by a yak (3 damage)
             ... on level 6 of the Dungeon.
             The game lasted 00:20:06 (5749 turns).

FrancescoMac the Fighter (Naga Fighter)             Turns: 5749, Time: 00:20:06

Health: 0/81       AC:  7    Str: 16 (19) XL:     9   Next: 9%
Magic:  9/9        EV:  6    Int:  6 (8)  God:    Xom [*.....]
Gold:   311        SH: 10    Dex: 11 (14) Spells: 0 memorised, 8 levels left

rFire  + . .     SeeInvis +     a - +1 long sword
rCold  . . .     Gourm    .     b - +0 scale mail
rNeg   . . .     Faith    .     c - +0 shield
rPois  +         Spirit   .     (helmet restricted)
rElec  .         Dismiss  .     (no cloak)
rCorr  .         Reflect  .     (no gloves)
SustAt .         Harm     .     (no barding)
MR     ++...                    (no amulet)
Stlth  ..........               r - ring of protection from fire
                                e - ring of protection from magic

@: about to teleport, very slightly contaminated, hasted, quick, very resistant
to hostile enchantments, extremely unstealthy
A: antennae 1, see invisible, deformed body, frail 1, poison resistance,
slowness 2, slow metabolism 1, spit poison 2, MP-powered wands, AC +3
a: Spit Poison, Renounce Religion


You were on level 6 of the Dungeon.
You worshipped Xom.
You were a special plaything of Xom.
You were not hungry.

You visited 1 branch of the dungeon, and saw 6 of its levels.

You collected 311 gold pieces.

Inventory:

Hand Weapons
 a - a +1 long sword (weapon)
Armour
 b - a +0 scale mail (worn)
 c - a +0 shield (worn)
Jewellery
 e - a ring of protection from magic (left hand)
 o - an uncursed ring of stealth
 r - a ring of protection from fire (right hand)
 y - an uncursed ring of flight
Wands
 B - a wand of random effects (32/48)
 D - a wand of hasting (2/9)
Scrolls
 g - 4 scrolls of remove curse
 n - 3 scrolls of enchant weapon
 p - a scroll of blinking
 q - 3 scrolls of teleportation
 s - 3 scrolls of identify
 w - 2 scrolls of immolation
Potions
 d - 2 potions of might
 i - 2 potions of haste
 k - a potion of degeneration
 l - 3 potions of curing
 v - a potion of heal wounds
Comestibles
 f - 4 bread rations
 h - a royal jelly
 j - 9 fruits
 x - a meat ration
 z - a beef jerky


   Skills:
 + Level 8.4 Fighting
 + Level 7.9 Long Blades
 + Level 6.8 Armour
 + Level 6.8 Shields


You had 8 spell levels left.
You didn't know any spells.

Dungeon Overview and Level Annotations

Branches:
Dungeon (6/15)             Temple (0/1) D:4

Altars:
Qazlal
Sif Muna
Xom
Yredelemnul

Annotations:
D:6 Pikel


Innate Abilities, Weirdness & Mutations

You cannot wear boots.
Your serpentine skin is tough (AC +3).
You have supernaturally acute eyesight.
Armour fits poorly on your strangely shaped body.
Your system is resistant to poisons.
You cover ground very slowly.
You have a slow metabolism.
You can spit poison.
You have a pair of small antennae on your head.
You are frail (-10% HP).
You expend magic power (3 MP) to strengthen your wands.


Message History

The yak is moderately wounded.
You hit the yak but do no damage. You hit the yak.
The yak is heavily wounded.
You hit the yak but do no damage.
The yak is heavily wounded.
The yak gores you.
* * * LOW HITPOINT WARNING * * *
You hit the yak but do no damage.
The yak is heavily wounded.
The yak barely misses you. The yak gores you!
* * * LOW HITPOINT WARNING * * *
Read which item? (? for menu, Esc to quit)
As you read the scroll of teleportation, it crumbles to dust.
You feel strangely unstable.
You slash the yak!
The yak is severely wounded.
You block the yak's attack. The yak gores you.
You die...
Xom titters!

.....########........#******
* , .....'...............+,,
,,,,,,
.....###.####........# ** *
* ,, .....# #....##.......#
* , * ,,
.....####.#.##.......#,*
*,*, ......# #.#.#...###+##
* , *, ......###.#.#.#.###..
, ,, **,*
##'##...........Y#.###.#
,,,*, ,
##.##..###.##...@YY....#*, ,
*,, #......#
#..#.####Y##..#* ,,*,*,
##.....####.#..##{Y.#*,,*,,
*,*, ####.))).......#*Y..#
,,,, , ,
#.######.##..*#...#* , ,***
, #####.# #..*#.. #...#*, ,
#.....# *#.# ...++.⌠.o' ,
.(..####### *.. ,**,..##,,**
* ##......(.. ,, * ,**,, , ,


You could see 4 yaks.

Vanquished Creatures
  An orc warrior (D:6)
  2 ice beasts (D:5)
  A centaur (D:5)
  A crocodile (D:6)
  2 scorpions (D:5)
  A jelly (D:6)
  A crimson imp (D:6)
  4 hounds
  3 centaur skeletons
  An orc wizard (D:5)
  7 worker ants
  9 adders
  5 gnolls
  2 oozes
  2 adder skeletons (D:4)
  3 dart slugs
  11 giant geckos
  6 orcs
  5 bats
  3 giant cockroaches
  3 goblins
  6 hobgoblins
  14 jackals
  3 quokkas
  3 ball pythons
  5 giant newts
  A jackal skeleton (D:4)
  9 kobolds
  5 rats
119 creatures vanquished.

Vanquished Creatures (collateral kills)
  A gnoll sergeant (D:5)
  An orc priest (D:5)
  2 orc wizards (D:5)
  2 gnolls (D:5)
  An adder (D:5)
  3 orcs (D:5)
10 creatures vanquished.

Grand Total: 129 creatures vanquished

Notes
Turn   | Place    | Note
--------------------------------------------------------------
     0 | D:1      | FrancescoMac the Naga Fighter began the quest for the Orb.
     0 | D:1      | Reached XP level 1. HP: 21/21 MP: 1/1
   305 | D:1      | Reached XP level 2. HP: 26/28 MP: 2/2
   986 | D:1      | Gained mutation: You are frail (-10% HP). [potion of mutation]
   986 | D:1      | Gained mutation: You expend magic power (3 MP) to strengthen your wands. [potion of mutation]
   986 | D:1      | Gained mutation: You have a pair of small antennae on your head. [potion of mutation]
  1008 | D:2      | Reached XP level 3. HP: 30/30 MP: 3/3
  1183 | D:2      | Reached XP level 4. HP: 11/37 MP: 4/4
  2215 | D:3      | Found a basalt altar of Yredelemnul.
  2251 | D:3      | Found a shimmering altar of Xom.
  2265 | D:3      | Became a worshipper of Xom of Chaos
  2406 | D:3      | Reached skill level 4 in Fighting
  2406 | D:3      | Reached XP level 5. HP: 16/45 MP: 5/5
  2785 | D:3      | XOM: divination: detect creatures
  3032 | D:4      | XOM: potion effect (agility)
  3040 | D:4      | Reached XP level 6. HP: 36/51 MP: 6/6
  3071 | D:4      | Found a staircase to the Ecumenical Temple.
  3082 | D:4      | XOM: medium Air miscast
  3110 | D:4      | XOM: cast spell 'Summon Butterflies'
  3358 | D:5      | Entered Level 5 of the Dungeon
  3420 | D:5      | Noticed an ice beast
  3439 | D:5      | Killed an ice beast
  3589 | D:5      | XOM: mild Fire miscast
  3753 | D:5      | Reached XP level 7. HP: 59/59 MP: 7/7
  3783 | D:5      | Found a stormy altar of Qazlal.
  3872 | D:5      | XOM: cast spell 'Confusing Touch'
  3878 | D:5      | XOM: potion effect (experience)
  3878 | D:5      | Reached skill level 8 in Fighting
  3878 | D:5      | Reached XP level 8. HP: 20/72 MP: 8/8
  3897 | D:5      | XOM is BORED!
  3897 | D:5      | XOM: noise
  4427 | D:5      | Found a deep blue altar of Sif Muna.
  4708 | D:5      | XOM: fake destruction
  4962 | D:5      | XOM: confuse monster(s)
  5014 | D:5      | XOM: harmless Chrm miscast
  5075 | D:6      | Noticed Pikel
  5079 | D:6      | XOM: divination: detect creatures
  5095 | D:6      | XOM: summons 3 friendly demons
  5446 | D:6      | XOM: scenery: create altars
  5473 | D:6      | XOM: smoke on damage
  5473 | D:6      | XOM: polymorph big kobold -> crocodile
  5479 | D:6      | Reached XP level 9. HP: 55/81 MP: 9/9
  5486 | D:6      | XOM: 1-stop teleportation journey
  5721 | D:6      | XOM: swap monsters
  5735 | D:6      | XOM: divination: magic mapping
  5736 | D:6      | XOM: enchant monster (good)
  5741 | D:6      | XOM: potion effect (haste)
  5747 | D:6      | HP: 3/81 [yak (12)]
  5749 | D:6      | Slain by a yak

Vault maps used:
D:1:      onia_arrival_pyramid, corexii_item_surrounded_by_moat,
          minmay_misc_feat_columns
D:3:      xom_teletrap_fun, yredelemnul_altar_generic
D:4:      temple_green, first_bread
D:5:      nicolae_overflow_crystal_walls, lemuel_blue_sif_altar,
          hangedman_decor_lopped, minivault_5, minmay_bad_closet,
          corexii_corridor_pit
D:6:      grunt_decor_arrowhead, uniq_pikel

Skill      XL: |  1  2  3  4  5  6  7 |
---------------+----------------------+-----
Shields        | 3 6 |  6.8
Armour         | 3 6 |  6.8
Fighting       | 4 8 |  8.4
Long Blades    | 3 4 7 |  7.9

Action                   |  1- 3 |  4- 6 |  7- 9 || total
-------------------------+-------+-------+-------++-------
Melee: Long sword        |   123 |   257 |   164 ||   544
  Use: Scroll            |     3 |     2 |     7 ||    12
       Potion            |     2 |     1 |     4 ||     7
 Stab: Confused          |       |       |     2 ||     2
  Eat: Chunk             |     1 |     6 |     1 ||     8
       Fruit             |       |     1 |       ||     1
       Meat ration       |       |     1 |       ||     1
